 Dungeon Crawl Stone Soup version 0.31-a0-365-gcf821cafb2 (webtiles) character file.

Game seed: 11813720627287532231

79 CraigForest the Changeling (level 4, -3/32 HPs)
             Began as a Merfolk Shapeshifter on July 28, 2023.
             Slain by a goblin
             ... wielding a +0 club
             ... led by Robin
              (5 damage)
             ... on level 2 of the Dungeon.
             The game lasted 00:07:28 (1139 turns).

CraigForest the Changeling (Merfolk Shapeshifter)   Turns: 1139, Time: 00:07:28

Health: -3/32      AC:  2    Str: 17    XL:     4   Next: 38%
Magic:  4/4        EV: 13    Int:  7    God:
Gold:   73         SH:  0    Dex: 14    Spells: 3/3 levels left

rFire   . .          .
                       - Unarmed
rCold   . . .        (no shield)
rNeg    + . .        a - +0 animal skin
rPois   .            (helmet currently unavailable)
rElec   .            (cloak currently unavailable)
rCorr   .            (gloves currently unavailable)
SInv    .            (boots currently unavailable)
Will    .....        (no amulet)
Stlth   +            e - ring of positive energy
HPRegen 0.25/turn    (no ring)
MPRegen 0.09/turn

%: no passive effects
@: brilliant, beast-form
A: beast (slay +3), (nimble swimmer 2), mertail
a: Begin Untransformation


You were on level 2 of the Dungeon.
You were a hulking beast.
You visited 1 branch of the dungeon, and saw 2 of its levels.

You collected 73 gold pieces.

Inventory:

Armour
 a - a +0 animal skin (worn)
 f - a +0 plate armour
 g - a +0 leather armour
 m - a +0 ring mail
 t - a +0 pair of gloves
Magical Staves
 h - a staff of conjuration
Jewellery
 e - a ring of positive energy (left hand)
Talismans
 c - a beast talisman
Scrolls
 d - a scroll of enchant weapon {unknown}
 j - a scroll of fear {unknown}
 k - a scroll of vulnerability {unknown}
 l - a scroll of teleportation {unknown}
 n - a scroll of poison {unknown}
 p - 2 scrolls of fog {unknown}
 r - a scroll of noise {unknown}
Potions
 b - a potion of lignification
 i - a potion of brilliance
 o - a potion of attraction {unknown}
 q - a potion of berserk rage {unknown}
 s - a potion of curing {unknown}


   Skills:
 + Level 1.1 Fighting
 + Level 3.4 Dodging
 + Level 0.4 Stealth
 + Level 4.4 Unarmed Combat
 + Level 4.8 Shapeshifting


You had 3 spell levels left.
You didn't know any spells.
Your spell library was empty.

Dungeon Overview and Level Annotations

Branches:
Dungeon (2/15)

Altars:

Annotations:
D:2 Robin


Innate Abilities, Weirdness & Mutations

You are a hulking beast.
Your limbs bulge with bestial killing power. (Slay +3)
((You are very nimble when in or above water. (Stealth+, EV+, Speed+++)))
Your lower body shifts to a powerful aquatic tail in water.


Message History

A goblin comes into view. It is wielding a +0 club.
The goblin moves out of view.
You hear a shout!
The ball python bites you but does no damage.
The ball python barely misses you. The ball python closely misses you.
The ball python grabs you. The ball python constricts you.
You see here an inky potion.
You barely miss the ball python.
The ball python bites you but does no damage.
The ball python constricts you.
A hobgoblin comes into view.
Robin throws the goblin at you! The goblin barely misses you.
You hit the ball python. Your punch misses the ball python.
The ball python is moderately wounded.
The ball python bites you but does no damage.
The ball python constricts you.
You hit the ball python.
The ball python is severely wounded.
The goblin hits you with a +0 dagger. The ball python bites you.
The ball python constricts you.
You punch the ball python!
You kill the ball python!
The hobgoblin barely misses you.
Robin roars a battlecry!
The goblins go into a battle-frenzy!
The goblin barely misses you.
A hobgoblin comes into view.
You hear a shout!
Robin throws the goblin at you! The goblin barely misses you.
The goblin hits you with a +0 dagger. The goblin hits you with a +0 club.
The goblin attacks as you move away! The goblin hits you with a +0 dagger.
The goblin attacks as you move away! The goblin hits you with a +0 club.
* * * LOW HITPOINT WARNING * * *
The goblin attacks as you move away! The goblin hits you with a +0 dagger.
* * * LOW HITPOINT WARNING * * *
It was a potion of brilliance.
You feel clever all of a sudden. The hobgoblin barely misses you.
The goblin hits you with a +0 club.
You die...

###.# #...# # ##...## #####
### .##.....# #....###..#
..#.#...# ....#..# ....#...#
###..#.#
#.......#####...hg.###
#.#...........##gg(.>###
#.###)#.###### ##......# #.#
#.#..## #..g!#.### #.#
#.#...#########.g....##
#.###.##..........###g##..#
#.....####.######....g.g#.#
<..#######.............g.....
.............#..########..###


You could see Robin, 3 hobgoblins and 5 goblins.

Vanquished Creatures
  Jessica (D:2)
  An adder (D:2)
  A worm (D:2)
  A dart slug (D:2)
  A bat (D:1)
  5 endoplasms
  2 giant cockroaches (D:1)
  5 goblins (D:1)
  5 hobgoblins (D:1)
  2 jackals (D:1)
  A quokka (D:1)
  2 ball pythons (D:2)
  3 frilled lizards (D:1)
  3 kobolds (D:2)
  3 rats (D:1)
36 creatures vanquished.

Notes
Turn   | Place    | Note
-------+----------+-------------------------------------------
     0 | D:1      | CraigForest the Merfolk Shapeshifter began the quest for
                  | the Orb.
     0 | D:1      | Reached XP level 1. HP: 15/15 MP: 1/1
     6 | D:1      | Noticed a swamp drake
     6 | D:1      | Noticed a polar bear
     6 | D:1      | Noticed a komodo dragon
   183 | D:1      | Reached XP level 2. HP: 17/21 MP: 2/2
   704 | D:1      | Reached XP level 3. HP: 16/26 MP: 3/3
   968 | D:2      | Noticed Jessica
   971 | D:2      | Killed Jessica
   972 | D:2      | Reached XP level 4. HP: 21/32 MP: 4/4
  1128 | D:2      | Noticed Robin
  1138 | D:2      | HP: 1/32 [goblin/+0 dagger[Robin] (6)]
  1139 | D:2      | Slain by a goblin

Illustrated notes

Levels and vault maps discovered:
D:1:      onia_arrival_zoo_common, layout_basic
D:2:      layout_rooms, serial_shops, shop, nicolae_shop_getting_attention,
          uniq_robin, uniq_crazy_yiuf_cottage, uniq_jessica

Skill      XL: |  1  2  3 |
---------------+----------+-----
Dodging        | 3 |  3.4
Unarmed Combat | 4 |  4.4
Fighting       | |  1.1
Stealth        | |  0.4
Shapeshifting  | |  4.8

Action                     |  1- 3 |  4- 6 || total
---------------------------+-------+-------++-------
  Melee: Unarmed           |    66 |    28 ||    94
         Punch             |     2 |     1 ||     3
    Use: Potion            |       |     1 ||     1
   Stab: Sleeping          |     1 |       ||     1
 Armour: Animal skin       |     7 |     7 ||    14
  Dodge: Dodged            |    36 |    19 ||    55

Table legend: (Time is in decaauts)
 A = Elapsed time spent in this place.
 B = Non-inter-level travel time spent in this place.
 C = Inter-level travel time spent in this place.
 D = Time resting spent in this place.
 E = Time spent auto-exploring this place.
 F = Levels seen in this place.
 G = Mean time per level.
                   A        B        C        D        E       F      G
               +--------+--------+--------+--------+--------+-----+--------+
         Total |   1131 |    911 |    220 |      0 |    639 |   2 |  565.5 |
       Dungeon |   1131 |    911 |    220 |      0 |    639 |   2 |  565.5 |
               +--------+--------+--------+--------+--------+-----+--------+

Top non-repeatable levels by time:
     D:1: 963 daAuts
     D:2: 168 daAuts
